 Dungeon Crawl Stone Soup version 0.17.2-1-ge4368a0 (webtiles) character file.

7 Goblin1989 the Sneak (level 2, 0/15 HPs)
             Began as a Vine Stalker Assassin on Oct 4, 2016.
             Was an Initiate of Ashenzari.
             Slain by an adder (1 damage)
             ... on level 2 of the Dungeon.
             The game lasted 00:02:52 (321 turns).

Goblin1989 the Sneak (Vine Stalker Assassin)         Turns: 321, Time: 00:02:52

Health: 0/15       AC:  3    Str: 13    XL:     2   Next: 0%
Magic:  0/3        EV: 11    Int: 11    God:    Ashenzari [......]
Gold:   22         SH:  0    Dex: 15    Spells: 0 memorised, 1 level left

rFire  . . .     SeeInvis .     q - +0 blowgun {@w1}
rCold  . . .     Clarity  .     c - +0 robe
rNeg   . . .     SustAt   .     (no shield)
rPois  .         Gourm    .     (no helmet)
rElec  .         Spirit   +     d - +0 cloak
rCorr  .         Warding  .     (no gloves)
rMut   .         Stasis   .     (no boots)
MR     .....                    (no amulet)
Stlth  +++.......               (no ring)
                                (no ring)

@: lethally poisoned (0 -> -5), flying, not resistant to hostile enchantments,
fairly stealthy
A: fangs 2, regeneration 1, magic shield, antimagic bite, no device heal 3, rot
immunity
a: Renounce Religion


You were on level 2 of the Dungeon.
You worshipped Ashenzari.
Ashenzari was noncommittal.
You were not hungry.

You visited 1 branch of the dungeon, and saw 2 of its levels.

You collected 22 gold pieces.

Inventory:

Hand Weapons
 a - a +2 dagger
 q - a +0 blowgun (weapon) {@w1}
Missiles
 e - 8 poisoned needles (quivered)
 f - 2 curare-tipped needles
Armour
 c - a +0 robe (worn)
 d - a +0 cloak (worn)
Scrolls
 b - 3 scrolls of amnesia {unknown}
 h - a scroll of random uselessness {unknown}
 i - a scroll of recharging {unknown}
Comestibles
 g - a bread ration


   Skills:
 - Level 1.7 Fighting
 * Level 2.2 Short Blades
 - Level 1.7 Throwing
 - Level 0.7 Dodging
 + Level 4.9 Stealth


You had one spell level left.
You didn't know any spells.

Dungeon Overview and Level Annotations

Branches:
Dungeon (2/15)

Altars:
Ashenzari


Innate Abilities, Weirdness & Mutations

You have extremely sharp teeth.
Your natural rate of healing is unusually fast.
When hurt, damage is shared between your health and your magic reserves.
Your bite disrupts and absorbs the magic of your enemies.
Potions and wands cannot restore your health.
You are immune to rotting.


Message History

You feel sick. The bat closely misses you.
You take 1 damage, and have 5/15 hp.
You feel sick. The bat hits you but does no damage.
You take 1 damage, and have 4/15 hp.
Wield which item (- for none, * to show all)? (? for menu, Esc to quit)
q - a +0 blowgun (weapon)
{@w1} The bat hits you.
* * * LOW HITPOINT WARNING * * *
The adder bites you.
* * * LOW HITPOINT WARNING * * *
You are more poisoned.
The adder poisons you!
You take 2 damage, and have 2/15 hp.
You now have 1/3 mp.
Drink which item? (? for menu, Esc to quit)
It was a potion of flight.
You feel very buoyant.
You fly up into the air.
* * * LOW HITPOINT WARNING * * *
You feel sick. The bat closely misses you. The adder bites you.
You die...

.
...........>ਜ.ਜਜਜਜ......ਜ
ਜਜਜ.....ਜਜ.ਜ.ਜਜ ਜ.ਜਜਜਜਜਜ
ਜਜਜਜਜਜਜਜਜ.ਜਜਜਜ....ਜ
ਜ.ਜਜਜਜ ਜ ਜ...
..................ਜ
ਜ.ਜਜ.. . ....
.......ਜਜ.........ਜ
ਜ.ਜਜ.ਜ ਜ ਜ...
..................ਜ
ਜ.ਜਜ.ਜ ਜ ਜ
.........ਜ........ਜ
ਜ.ਜਜ.ਜ ਜ
ਜਜਜਜਜਜਜ..ਜ.b......ਜ
ਜ.ਜਜ.ਜਜਜ ਜ.....@S.....ਜ
ਜ.......
ਜ...ਜ..........ਜਜਜਜ.ਜਜਜ
ਜ...ਜ........... ਜ.ਜਜਜ
.....ਜ....ਜਜਜਜਜ.. ਜ.ਜਜ.
.ਜ. ....... . ਜ.ਜਜ.
ਜ...ਜਜਜਜ... ਜ.ਜਜ. ...
ਜ..ਜ. ਜ.ਜਜ. .. ...ਜ.ਜ
ਜ.ਜਜ. ਜ....


You could see an adder and a bat.

Vanquished Creatures
  A hobgoblin (D:1)
  A kobold (D:1)
  A bat (D:2)
  A giant gecko (D:2)
  A goblin (D:1)
  3 rats (D:1)
8 creatures vanquished.

Notes
Turn   | Place    | Note
--------------------------------------------------------------
     0 | D:1      | Goblin1989 the Vine Stalker Assassin began the quest for the Orb.
     0 | D:1      | Reached XP level 1. HP: 11/11 MP: 2/2
    70 | D:1      | Found a shattered altar of Ashenzari.
    78 | D:1      | Became a worshipper of Ashenzari the Shackled
   296 | D:2      | Reached XP level 2. HP: 15/15 MP: 3/3
   321 | D:2      | Slain by an adder

Action                   || total
-------------------------++-------
Melee: Dagger            ||    16
  Use: Potion            ||     1
 Stab: Sleeping          ||     4

Vault maps used:
D:1:      ncdulo_lavacross, evilmike_ruin_ashenzari
D:2:      uniq_iyjb
